 Dungeon Crawl Stone Soup version 0.30.1-11-g7821555f0a (webtiles) character file.

Game seed: 4902250701332079458

161 bnorton916 the Magician (level 5, -2/28 HPs)
             Began as a Deep Elf Fire Elementalist on Nov 11, 2023.
             Slain by a sleepcap (17 damage)
             ... on level 4 of the Dungeon.
             The game lasted 00:04:33 (3435 turns).

bnorton916 the Magician (DEFE)                      Turns: 3435, Time: 00:04:33

Health: -2/28      AC:  6    Str:  5    XL:     5   Next: 19%
Magic:  7/14       EV:  2    Int: 22    God:
Gold:   170        SH:  0    Dex: 15    Spells: 7/13 levels left

rFire   + . .        (no weapon)
rCold   x . .        (no shield)
rNeg    . . .        a - +0 robe
rPois   .            (no helmet)
rElec   .            (no cloak)
rCorr   .            u - +0 pair of gloves
SInv    .            m - +2 pair of boots
Will    .....        g - amulet of the acrobat
Stlth   ++           e - +5 ring of evasion
HPRegen 0.24/turn    j - ring of fire
MPRegen 0.14/turn

%: acrobat
@: sleeping
A: no striking features
a: no special abilities


You were on level 4 of the Dungeon.
You visited 1 branch of the dungeon, and saw 4 of its levels.

You collected 170 gold pieces.

Inventory:

Armour
 a - a +0 robe (worn)
 m - a +2 pair of boots (worn)
 u - a +0 pair of gloves (worn)
Jewellery
 e - a +5 ring of evasion (left hand)
 g - an amulet of the acrobat (around neck)
 j - a ring of fire (right hand)
Wands
 q - a wand of light (4)
Scrolls
 c - 5 scrolls of identify {unknown}
 d - a scroll of butterflies {unknown}
 f - a scroll of silence {unknown}
 p - a scroll of teleportation {unknown}
 r - a scroll of vulnerability {unknown}
 t - a scroll of fog {unknown}
Potions
 b - a potion of magic
 h - 2 potions of haste {unknown}
 i - a potion of attraction {unknown}
 k - a potion of might {unknown}
 l - a potion of heal wounds {unknown}
 n - 2 potions of degeneration {unknown}
 o - 2 potions of curing {unknown}
 s - a potion of brilliance {unknown}


   Skills:
 - Level 2.4 Dodging
 - Level 2.4 Stealth
 + Level 4.9 Spellcasting
 + Level 3.2 Conjurations
 + Level 4.5 Fire Magic


You had 7 spell levels left.
You knew the following spells:

 Your Spells              Type           Power      Damage    Failure   Level
a - Foxfire               Conj/Fire      100%       2x1d9     1%          1
b - Scorch                Fire           76%        2d8       2%          2
c - Volatile Blastmotes   Fire/Tloc      46%        2d13      12%         3

Your spell library contained the following spells:

 Spells                   Type           Power      Damage    Failure   Level
 Inner Flame              Hex/Fire       23%        N/A       12%         3
 Stone Arrow              Conj/Erth      24%        3d8       16%         3
 Flame Wave               Conj/Fire      34%        2d10      21%         4
 Animate Armour           Summ/Erth      10%        N/A       71%         4
 Summon Forest            Summ/Tloc      2%         N/A       96%         5
 Eringya's Noxious Bog    Tmut/Pois      2%         N/A       100%        6
 Summon Hydra             Summ           2%         N/A       100%        7
 Lehudib's Crystal Spear  Conj/Erth      6%         10d3      100%        8


Dungeon Overview and Level Annotations

Branches:
Dungeon (4/15)
 Temple: D:4-7

Altars:


Message History

Unknown command.
You feel sick.
Your foxfire dissipates!
A sleepcap comes into view.
Casting: Foxfire (safe; 1% risk of failure)
Confirm with . or Enter, or press ? or * to list all spells.
You feel a surge of power!
You conjure some foxfire!
You feel sick.
An adder comes into view.
You feel sick.
The foxfire hits the adder!
The adder is severely wounded.
Casting: Foxfire (safe; 1% risk of failure)
Confirm with . or Enter, or press ? or * to list all spells.
You feel a surge of power!
You conjure some foxfire!
You feel sick.
The foxfire hits the sleepcap.
The sleepcap is moderately damaged.
You feel sick.
You are no longer poisoned.
The foxfire hits the sleepcap but does no damage.
The sleepcap is moderately damaged.
The foxfire hits the adder.
You kill the adder!
Casting: Foxfire (safe; 1% risk of failure)
Confirm with . or Enter, or press ? or * to list all spells.
You feel a surge of power!
You conjure some foxfire!
The foxfire hits the sleepcap.
The sleepcap is moderately damaged.
The foxfire hits the sleepcap.
The sleepcap is moderately damaged.
Casting: Foxfire (safe; 1% risk of failure)
Confirm with . or Enter, or press ? or * to list all spells.
You feel a surge of power!
Flames lash the sleepcap.
The sleepcap is heavily damaged.
The sleepcap's fire resistance burns away.
The sleepcap misses you. The sleepcap releases spores at you.
You are engulfed in a cloud of soporific spores!
You fall asleep.
The sleepcap releases spores at you!
Ouch! That really hurt!
You die...

#......
.......
........
........
#.......
#.....##
#.....###.###
#+#.@f......
#.#..#......
#.#.## .....
##.#..# ....
##.....# ...
######......#
..
.........[..#
#
########.#..#
#....#


You could see a sleepcap (combustible).

Vanquished Creatures
  An iguana (D:3)
  7 adders
  4 worms
  2 dart slugs (D:1)
  8 bats
  6 endoplasms
  A giant cockroach (D:1)
  5 goblins
  3 jackals (D:3)
  A quokka (D:1)
  7 ball pythons
  4 frilled lizards
  7 kobolds
  4 rats
60 creatures vanquished.

Vanquished Creatures (others)
  220 foxfires
220 creatures vanquished.

Grand Total: 280 creatures vanquished

Notes
Turn   | Place    | Note
-------+----------+-------------------------------------------
     0 | D:1      | bnorton916 the Deep Elf Fire Elementalist began the quest
                  | for the Orb.
     0 | D:1      | Reached XP level 1. HP: 10/10 MP: 6/6
   582 | D:1      | Reached XP level 2. HP: 15/15 MP: 5/8
  1297 | D:1      | Learned a level 2 spell: Scorch
  1359 | D:2      | Reached XP level 3. HP: 15/19 MP: 6/10
  1987 | D:2      | Reached XP level 4. HP: 24/24 MP: 10/12
  2593 | D:3      | Learned a level 3 spell: Volatile Blastmotes
  3385 | D:4      | Reached XP level 5. HP: 28/28 MP: 10/14
  3435 | D:4      | Slain by a sleepcap

Illustrated notes

Levels and vault maps discovered:
D:1:      saegor_arrival_under_anarchy, layout_basic, minmay_shallow_snake_nest
D:2:      layout_loops_cross
D:3:      layout_basic
D:4:      layout_loops_corners, nicolae_ru_great_annihilating_truth,
          nicolae_half_adder

Skill      XL: |  1  2  3  4 |
---------------+-------------+-----
Conjurations   | 2 3 |  3.2
Spellcasting   | 4 |  4.9
Fire Magic     | 4 |  4.5
Dodging        | |  2.4
Stealth        | |  2.4

Action                     |  1- 3 |  4- 6 || total
---------------------------+-------+-------++-------
   Cast: Foxfire           |    73 |    64 ||   137
         Scorch            |       |     3 ||     3
 Armour: Robe              |     1 |     1 ||     2
  Dodge: Dodged            |    20 |     7 ||    27
